 Dungeon Crawl Stone Soup version 0.20-a0-269-g17f5411 (webtiles) character file.

32 Gorice the Grave Robber (level 3, -4/24 HPs)
             Began as a Demonspawn Necromancer on Dec 8, 2016.
             Killed by nerve-wracking pain
             ... invoked by Jessica
              (11 damage)
             ... on level 2 of the Dungeon.
             The game lasted 00:06:22 (1016 turns).

Gorice the Grave Robber (Demonspawn Necromancer)    Turns: 1016, Time: 00:06:22

Health: -4/24      AC:  2    Str:  8    XL:     3   Next: 8%
Magic:  1/6        EV: 12    Int: 17    God:
Gold:   85         SH:  0    Dex: 13    Spells: 2/7 levels left

rFire  . . .     SeeInvis .     (no weapon)
rCold  . . .     Gourm    .     a - +0 robe
rNeg   . . .     Faith    .     (no shield)
rPois  .         Spirit   .     (no helmet)
rElec  .         Reflect  .     (no cloak)
rCorr  .         Harm     .     (no gloves)
MR     .....                    (no boots)
Stlth  ++........               (no amulet)
                                (no ring)
                                j - ring of wizardry

@: no status effects
A: hooves 1, demonic guardian 1
a: no special abilities


You were on level 2 of the Dungeon.
You were not hungry.

You visited 1 branch of the dungeon, and saw 2 of its levels.

You collected 85 gold pieces.

Inventory:

Hand Weapons
 h - a +0 whip
 m - a +0 dagger
 q - a +0 hand axe
 s - a +0 mace
Missiles
 g - 30 sling bullets
 r - 14 poisoned needles
 Z - 18 stones (quivered)
Armour
 a - a +0 robe (worn)
 k - a +0 ring mail
Jewellery
 j - a ring of wizardry (left hand)
Potions
 d - 2 potions of agility {unknown}
 e - 2 potions of lignification {!q}
 i - a potion of curing
 o - a potion of magic {!q}
 p - a potion of mutation {!q}
 t - 2 potions of might {unknown}
Books
 b - a book of Necromancy
Comestibles
 c - 3 bread rations {!e}
 f - 2 meat rations {!e}
 l - 4 fruits
 n - 2 chunks of flesh


   Skills:
 - Level 1.7 Dodging
 - Level 1.7 Stealth
 + Level 2.5 Spellcasting
 * Level 5.1 Necromancy


You had 2 spell levels left.
You knew the following spells:

 Your Spells              Type           Power        Failure   Level  Hunger
a - Pain                  Necr           ###.         1%          1    #......
b - Animate Skeleton      Necr           N/A          1%          1    #......
c - Vampiric Draining     Necr           ###.......   4%          3    ###....


Dungeon Overview and Level Annotations

Branches:
Dungeon (2/15)

Altars:

Annotations:
D:2 Jessica


Innate Abilities, Weirdness & Mutations

You have large cloven feet.
A weak demonic guardian rushes to your aid.


Message History

Aim: an adder (almost dead, chance to defeat MR: 84%)
The adder writhes in agony!
You kill the adder!
You have reached level 3!
Your experience leads to an increase in your attributes!
Increase (S)trength, (I)ntelligence, or (D)exterity?
You feel clever.
Your demonic ancestry asserts itself...
You feel the presence of a demonic guardian.
You see here an adder corpse.
Casting: Pain
Confirm with . or Enter, or press ? or * to list all spells.
You attempt to give life to the dead...
Before your eyes, flesh is ripped from the corpse!
The dead are slithering!
n - 2 chunks of flesh Memorise Vampiric Draining, consuming 3 spell levels and leaving 2?
You start memorising the spell.
You continue memorising. x3
You finish memorising.
Spell assigned to 'c'.
You open the door.
A quokka and Jessica come into view.
Found a potion of curing.
Jessica shouts!
Number of times to repeat, then command key: You must enter the number of times for the command to repeat.
Unknown command.
Unknown command.
Unknown command.
Unknown command.
Jessica mumbles some strange words.
Jessica blinks!
Your white imp gestures at Jessica.
The puff of frost hits Jessica.
There is a stone staircase leading up here.
Jessica hits your white imp.
Your white imp closely misses Jessica.
The quokka bites your white imp.
Your white imp gestures at Jessica.
The puff of frost misses Jessica.
The puff of frost hits you!
* * * LOW HITPOINT WARNING * * *
Damage: 9 (max 9) Unknown command.
Casting: Animate Skeleton
Confirm with . or Enter, or press ? or * to list all spells.
Aiming: Pain
Press: ? - help, Shift-Dir - straight line, f - Jessica
Aim: Jessica, wearing a robe (heavily wounded, chance to defeat MR: 84%) Jessica barely resists.
The quokka bites your white imp.
Your adder skeleton bites Jessica but does no damage.
Jessica gestures at you while chanting. Pain shoots through your body!
You die...

#.........#
#....#.####.#
#.####....# #.#
#....#......#
#.###.....###.#
#....######.#
#.##.......##.#
###### #.#
#.#..#####..#.# ###
#...##..!##...#
#...#.....#...#
#...#.....'..Z#####
#...# #r5@.@..#
##..## ##...#####
##..#####....#
##.........##
##.......##
###....## ######


You could see Jessica, a quokka, a friendly white imp and a friendly adder
skeleton.

Vanquished Creatures
  An adder (D:2)
  A dart slug (D:1)
  5 goblins
  3 hobgoblins
  2 jackals (D:1)
  3 kobolds
  A bat (D:2)
  A frilled lizard (D:1)
  4 rats
21 creatures vanquished.

Notes
Turn   | Place    | Note
-------+----------+-------------------------------------------
     0 | D:1      | Gorice the Demonspawn Necromancer began the quest for the Orb.
     0 | D:1      | Reached XP level 1. HP: 13/13 MP: 3/3
   231 | D:1      | Gained mutation: You have large cloven feet. [demonic ancestry]
   231 | D:1      | Reached XP level 2. HP: 16/19 MP: 0/5
   234 | D:1      | Learned a level 1 spell: Animate Skeleton
   821 | D:2      | Reached skill level 5 in Necromancy
   998 | D:2      | Gained mutation: A weak demonic guardian rushes to your aid. [demonic ancestry]
   998 | D:2      | Reached XP level 3. HP: 17/24 MP: 1/6
  1006 | D:2      | Learned a level 3 spell: Vampiric Draining
  1009 | D:2      | Noticed Jessica
  1016 | D:2      | Killed from afar by Jessica

Vault maps used:
D:1:      mrwooster_arrival_statue_3, serial_bayou_crossing
D:2:      first_bread, kennysheep_jessica_study, uniq_jessica

Skill      XL: |  1  2 |
---------------+-------+-----
Necromancy     | 5 |  5.1
Dodging        | |  1.7
Stealth        | |  1.7
Spellcasting   | |  2.5

Action                   || total
-------------------------++-------
 Cast: Pain              ||    35
       Animate Skeleton  ||     4
  Use: Scroll            ||     7
  Eat: Chunk             ||     1
Armor: Robe              ||     1
Dodge: Dodged            ||     2

Table legend:
 A = Turns spent in this place as a percentage of turns spent in the entire game.
 B = Non-inter-level travel turns spent in this place as a percentage of non-inter-level travel turns spent in the entire game.
 C = Inter-level travel turns spent in this place as a percentage of turns spent in this place.
 D = Turns resting spent in this place as a percentage of non-inter-level travel turns spent in this place.
 E = Turns spent auto-exploring this place as a percentage of non-inter-level travel turns spent in this place.
 F = Non-inter-level travel turns spent in this place divided by the number of levels of this place that you've seen.
                   A       B       C       D       E      F
               +-------+-------+-------+-------+-------+----------------------
         Total | 100.0 | 100.0 |   0.3 |   1.6 |   7.8 | 186.0
       Dungeon | 100.0 | 100.0 |   0.3 |   1.6 |   7.8 | 186.0
               +-------+-------+-------+-------+-------+----------------------

Vault maps used:
D:1:      mrwooster_arrival_statue_3, serial_bayou_crossing
D:2:      first_bread, kennysheep_jessica_study, uniq_jessica
